 Dungeon Crawl Stone Soup version 0.21.1-1-g345015f (webtiles) character file.

37615 tidbits the Thaumaturge (level 13, -5/103 HPs)
             Began as a Gnoll Skald on Feb 6, 2018.
             Was a High Priest of Cheibriados.
             Killed from afar by an ice dragon (20 damage)
             ... with a blast of cold
             ... on level 13 of the Dungeon.
             The game lasted 01:09:13 (4436 turns).

tidbits the Thaumaturge (Gnoll Skald)               Turns: 4436, Time: 01:09:13

Health: -5/103     AC: 14    Str: 30    XL:     13   Next: 97%
Magic:  25/27      EV: 23    Int: 33    God:    Cheibriados [*****.]
Gold:   384        SH:  0    Dex: 30    Spells: 4/32 levels left

rFire    x . .     SeeInvis .   a - +3 broad axe
rCold    + . .     Gourm    +   (no shield)
rNeg     . . .     Faith    .   B - +0 troll leather armour
rPois    .         Spirit   .   E - +1 helmet
rElec    .         Reflect  .   C - +2 cloak
rCorr    .         Harm     .   (no gloves)
MR       .....                  F - +0 pair of boots {Fly}
Stlth    +++++.....             i - amulet of the gourmand
HPRegen  0.67/turn              S - ring of ice
MPRegen  0.20/turn              Y - +4 ring of slaying

@: flying, very slow
A: distributed training, fangs 1, thin metallic scales 1, thin skeletal
structure 1, sense surroundings 1, strong nose
a: Bend Time, Temporal Distortion, Slouch, Step From Time, Renounce Religion,
Stop Flying


You were on level 13 of the Dungeon.
You worshipped Cheibriados.
Cheibriados was extremely pleased with you.
You were not hungry.

You visited 3 branches of the dungeon, and saw 17 of its levels.
You also visited: Sewer and Bailey.

You collected 2753 gold pieces.
You spent 2369 gold pieces at shops.

Inventory:

Hand Weapons
 a - a +3 broad axe (weapon)
 e - a +2 dagger of venom
   (You took it off an orc on level 2 of the Orcish Mines)
 g - a +0 blowgun
 K - a +2 dagger of draining
   (You took it off Ijyb on level 4 of the Dungeon)
 L - a +0 dagger of distortion
   (You took it off Sonja on level 11 of the Dungeon)
 Q - a +2 flail of protection
   (You took it off an orc priest on level 7 of the Dungeon)
 T - a +2 scimitar of flaming
   (You took it off Erica on level 9 of the Dungeon)
Missiles
 v - 2 throwing nets {!f}
 H - 90 arrows
 M - 19 curare-tipped needles
 N - 26 tomahawks (quivered)
Armour
 k - a +1 scale mail of fire resistance
   (You found it on level 11 of the Dungeon)
 B - a +0 troll leather armour (worn)
 C - a +2 cloak (worn)
 E - a +1 helmet (worn)
 F - a +0 pair of boots of flying (worn)
   (You found it in a bailey)
Magical Staves
 f - an uncursed staff of poison
   (You found it on level 11 of the Dungeon)
Jewellery
 b - an uncursed ring of fire
   (You found it on level 11 of the Dungeon)
 i - an amulet of the gourmand (around neck)
   (You bought it in a shop on level 2 of the Orcish Mines)
 S - a ring of ice (left hand)
   (You found it in a bailey)
 W - an uncursed ring of wizardry
   (You found it on level 11 of the Dungeon)
 Y - a +4 ring of slaying (right hand)
   (You found it on level 11 of the Dungeon)
Wands
 d - a wand of digging (15)
 n - a wand of iceblast (10)
 p - a wand of clouds (9)
 D - a wand of paralysis (6)
 G - a wand of acid (1)
 I - a wand of disintegration (6)
 X - a wand of flame (53)
Scrolls
 l - a scroll of magic mapping
 m - 3 scrolls of blinking
 r - 4 scrolls of remove curse
 x - 5 scrolls of teleportation
 A - 2 scrolls of amnesia
 V - a scroll of immolation
Potions
 o - 3 potions of mutation {!q}
 q - a potion of agility
 t - a potion of curing
 u - 3 potions of flight
 J - 2 potions of brilliance
 O - 2 potions of cancellation
Books
 h - a book of Maledictions
   (You found it on level 2 of the Orcish Mines)

   Spells                             Type                      Level
   a - Corona                         Hexes                        1
   b - Ensorcelled Hibernation        Hexes/Ice                    2
   c - Confuse                        Hexes                        3
   d - Tukima's Dance                 Hexes                        3
   e - Dazzling Spray                 Conjuration/Hexes            3
 j - a book of Flames
   (You found it on level 2 of the Orcish Mines)

   Spells                             Type                      Level
   a - Flame Tongue                   Conjuration/Fire             1
   b - Throw Flame                    Conjuration/Fire             2
   c - Conjure Flame                  Conjuration/Fire             3
   d - Inner Flame                    Hexes/Fire                   3
   e - Sticky Flame                   Conjuration/Fire             4
   f - Fireball                       Conjuration/Fire             5
 w - the Papyrus of Freezing Sinister Arts
   (You found it on level 11 of the Dungeon)

   Spells                             Type                      Level
   a - Animate Skeleton               Necromancy                   1
   b - Ozocubu's Armour               Charms/Ice                   3
   c - Excruciating Wounds            Charms/Necromancy            5
   d - Bolt of Draining               Conjuration/Necromancy       5
   e - Bolt of Cold                   Conjuration/Ice              6
 z - a book of Party Tricks
   (You found it on level 2 of the Orcish Mines)

   Spells                             Type                      Level
   a - Summon Butterflies             Summoning                    1
   b - Apportation                    Translocation                1
   c - Lesser Beckoning               Translocation                3
   d - Tukima's Dance                 Hexes                        3
   e - Alistair's Intoxication        Transmutation/Poison         5
   f - Invisibility                   Hexes                        6
 P - a book of the Sky
   (You found it on level 2 of the Orcish Mines)

   Spells                             Type                      Level
   a - Summon Lightning Spire         Summoning/Air                4
   b - Silence                        Hexes/Air                    5
   c - Deflect Missiles               Charms/Air                   6
   d - Conjure Ball Lightning         Conjuration/Air              6
   e - Tornado                        Air                          9
 U - a book of Alchemy
   (You bought it in a shop on level 2 of the Orcish Mines)

   Spells                             Type                      Level
   a - Sublimation of Blood           Necromancy                   2
   b - Ignite Poison                  Fire/Transmutation/Poison    3
   c - Petrify                        Transmutation/Earth          4
   d - Alistair's Intoxication        Transmutation/Poison         5
   e - Irradiate                      Conjuration/Transmutation    5
Miscellaneous
 s - a phantom mirror
 R - a fan of gales
Comestibles
 c - 15 rations


   Skills:
 + Level 9.8 Fighting
 + Level 8.6 Short Blades
 + Level 8.6 Long Blades
 + Level 9.8 Axes
 + Level 8.6 Maces & Flails
 + Level 8.6 Polearms
 + Level 8.6 Staves
 + Level 8.6 Slings
 + Level 8.6 Bows
 + Level 8.6 Crossbows
 + Level 8.6 Throwing
 + Level 9.0 Armour
 + Level 9.8 Dodging
 + Level 8.6 Stealth
 + Level 8.6 Shields
 + Level 8.6 Unarmed Combat
 + Level 10.0 Spellcasting
 + Level 7.2 Conjurations
 + Level 7.2 Hexes
 + Level 9.1 Charms
 + Level 7.2 Summonings
 + Level 7.2 Necromancy
 + Level 7.2 Translocations
 + Level 7.2 Transmutations
 + Level 7.2 Fire Magic
 + Level 7.2 Ice Magic
 + Level 7.2 Air Magic
 + Level 7.2 Earth Magic
 + Level 7.2 Poison Magic
 + Level 9.4 Invocations
 + Level 8.6 Evocations


You had 4 spell levels left.
You knew the following spells:

 Your Spells              Type           Power        Failure   Level  Hunger
g - Shroud of Golubria    Chrm/Tloc      ######....   1%          2    None
j - Poisonous Vapours     Pois/Air       ######       1%          2    None
m - Mephitic Cloud        Conj/Pois/Air  ######..     1%          3    None
n - Animate Skeleton      Necr           N/A          1%          1    None
o - Ozocubu's Armour      Chrm/Ice       #######.     1%          3    None
r - Regeneration          Chrm/Necr      ######....   1%          3    None
w - Spectral Weapon       Hex/Chrm       ######..     1%          3    None
y - Song of Slaying       Chrm           ######..     1%          2    None
A - Apportation           Tloc           ######       1%          1    None
L - Summon Lightning Spi  Summ/Air       ######..     1%          4    None
O - Olgreb's Toxic Radia  Pois           ######..     1%          4    None


Dungeon Overview and Level Annotations

Branches:
Dungeon (14/15)            Temple (1/1) D:6             Orc (2/2) D:12
    Elf (0/3) Orc:2
   Lair: D:8-11      Vaults: D:13-14

Altars:
Cheibriados
Kikubaaqudgha
Nemelex Xobeh
Trog
Uskayaw
Vehumet
Yredelemnul
Beogh

Shops:
Orc:2 *?:}(


Innate Abilities, Weirdness & Mutations

Your experience applies equally to all skills.
You have very sharp teeth.
Your uncanny sense of smell can sniff out nearby items.
You are partially covered in thin metallic scales. (AC +2)
You have a somewhat thin skeletal structure. (Dex +2, Stealth)
You passively map a small area around you.


Message History

Casting: Regeneration
Confirm with . or Enter, or press ? or * to list all spells.
You draw out your weapon's spirit!
Your skin is crawling a little less now.
The centaur warrior completely misses you.
The necrophage misses you.
Unknown command.
You completely miss the necrophage.
The necrophage is heavily damaged.
You hit the centaur warrior.
Your spectral weapon hits the necrophage!!
You destroy the necrophage!
Cheibriados appreciates the change of pace.
The centaur warrior misses you. The ice dragon breathes frost at you.
The blast of cold hits you! You resist.
You barely miss the centaur warrior. You bite the centaur warrior.
The centaur warrior is lightly wounded.
The centaur warrior hits you!
Your spectral weapon closely misses the centaur warrior.
Your spectral weapon hits the ice dragon but does no damage.
The ice dragon bites your spectral weapon.
Your spectral weapon shares its damage with you!
The ice dragon completely misses your spectral weapon.
The ice dragon tramples your spectral weapon but does no damage.
The centaur warrior misses you.
The centaur warrior hits your spectral weapon but does no damage.
The ice dragon bites you but does no damage.
The ice dragon barely misses you. The ice dragon tramples you!
You hold your ground!
The centaur warrior wields an uncursed shortbow.
The centaur warrior shoots an arrow.
The arrow hits you!!
* * * LOW HITPOINT WARNING * * *
The ice dragon closely misses you. The ice dragon claws you!
* * * LOW HITPOINT WARNING * * *
The ice dragon misses you.
The centaur warrior shoots an arrow.
The arrow hits your spectral weapon!
Your spectral weapon shares its damage with you!
* * * LOW HITPOINT WARNING * * *
A boggart comes into view.
You see here an arrow.
You swap places.
Your skin stops crawling.
The centaur warrior unwields an uncursed shortbow.
The centaur warrior hits you.
* * * LOW HITPOINT WARNING * * *
The ice dragon breathes frost at you. The blast of cold misses you.
The boggart casts a spell.
The centaur warrior barely misses you. The ice dragon bites you.
* * * LOW HITPOINT WARNING * * *
The ice dragon completely misses you. The ice dragon tramples you!
* * * LOW HITPOINT WARNING * * *
You are shoved backwards!
Unknown command.
You feel much better.
The centaur warrior hits you but does no damage.
The ice dragon closely misses you. The ice dragon misses you. x2
The boggart mumbles some strange words.
The boggart flickers and vanishes!
The centaur warrior hits you!
* * * LOW HITPOINT WARNING * * *
Unknown command.
You slash the centaur warrior! You bite the centaur warrior!
The centaur warrior is heavily wounded.
You hit the ice dragon but do no damage.
Your spectral weapon hits the centaur warrior.
Your spectral weapon barely misses the ice dragon.
The centaur warrior hits your spectral weapon but does no damage.
The ice dragon completely misses you. The ice dragon claws you!
* * * LOW HITPOINT WARNING * * *
The ice dragon misses you.
The centaur warrior hits your spectral weapon but does no damage.
You slice the ice dragon!! You punch the ice dragon.
The ice dragon is moderately wounded.
You catch the helpless centaur warrior completely off-guard!
You slash the centaur warrior!
You hear the crackling of a very distant melting archway.
Your spectral weapon hits the ice dragon!
Your spectral weapon hits the centaur warrior!
The ice dragon barely misses you. The ice dragon claws you!
* * * LOW HITPOINT WARNING * * *
The ice dragon tramples you!
* * * LOW HITPOINT WARNING * * *
You hold your ground!
The centaur warrior hits your spectral weapon.
The worker ant completely misses you. The ice dragon closely misses you.
The ice dragon barely misses you. x2
You hit the ice dragon but do no damage.
You bite the ice dragon, but do no damage.
The ice dragon is heavily wounded.
You hit the centaur warrior.
You kill the centaur warrior!
Cheibriados thoroughly appreciates the change of pace.
Your Spellcasting skill increases to level 10!
You slash the worker ant!
Your spectral weapon hits the ice dragon!
The worker ant closely misses you. The ice dragon breathes frost at you.
The blast of cold hits you! You resist.
You die...

#....####.# , *, *
#.....###.# ,*** ,
* ##.....##.###.#
, ##....##.....#
** , ##...##.#####
, * , *##'###.## *
, , , , #(..##..#
,*
#(#.##..#####...,
* , **,
#(@.##.......... ,
, *
#)Da##...###...# *
, #...##..........
*
#...##...###...#*
, *
#...##..)....... *
,
#.#.##..).......,
*
*#...##.#).##.####
*##'###.#.>.......
* * .
*#.##..#.#### ,


You could see an ice dragon, a worker ant and a friendly spectral enchanted
broad axe.

Vanquished Creatures
  The ghost of SaintRoka the Covert, a journeyman NaEE of Makhleb (D:12)
  Erolcha (Orc:2)
  Erica (D:9)
  3 centaur warriors (D:13)
  4 ogre magi
  10 two-headed ogres
  Sonja (D:11)
  Nergalle (Orc:2)
  An unseen horror (D:12)
  5 orc knights
  3 ugly things
  4 cyclopes (D:11)
  A manticore (D:11)
  7 orc sorcerers
  A gargoyle (D:12)
  A yaktaur (D:11)
  A centaur zombie (D:11)
  3 meliai (D:12)
  4 trolls
  A queen bee (D:12)
  The ghost of Agrougrou the Ducker, an amateur DsMo of Okawaru (D:4)
  A meliai (shapeshifter) (D:13)
  3 hippogriffs
  Sigmund (D:4)
  A wyvern (D:11)
  A golden eye (shapeshifter) (D:11)
  3 yaks (D:11)
  A steam dragon (D:11)
  Grum (D:10)
  Edmund (D:4)
  4 wargs
  2 acid dragons
  4 ice beasts
  23 orc warriors
  A black bear (D:11)
  A necrophage (D:13)
  2 phantoms
  2 sky beasts
  4 wolves (D:10)
  3 centaurs
  2 eyes of draining (D:12)
  12 ogres
  3 big kobolds
  5 bullfrogs
  A gnoll sergeant (D:5)
  A wyvern skeleton (D:12)
  4 scorpions
  22 killer bees (D:12)
  A wight (D:11)
  5 howler monkeys
  4 crimson imps
  5 bullfrog zombies
  Crazy Yiuf (D:7)
  3 hounds
  2 centaur skeletons (D:11)
  18 orc priests
  8 jellies
  27 orc wizards
  An iguana (D:5)
  A bullfrog skeleton (D:12)
  Ijyb (D:4)
  7 worker ants
  8 gnolls
  4 adders
  A river rat (D:4)
  3 shadow imps (D:11)
  A worm (D:4)
  3 dart slugs
  9 leopard geckos
  100 orcs
  2 ball pythons (D:1)
  2 giant cockroaches (D:2)
  4 hobgoblins
  18 jackals
  13 kobolds
  2 quokkas
  2 bats
  A frilled lizard (D:4)
  2 goblins (D:1)
  A quokka skeleton (D:5)
  A quokka zombie (D:9)
  7 rats
432 creatures vanquished.

Vanquished Creatures (collateral kills)
  A centaur zombie (D:11)
  An ice beast (D:11)
  A bullfrog (D:11)
  A wight (D:11)
  A hound (D:11)
  2 orc wizards (D:11)
7 creatures vanquished.

Vanquished Creatures (others)
  A giant cockroach (D:5)
  A kobold (D:8)
  A fungus (D:10)
  6 spectral weapons
9 creatures vanquished.

Grand Total: 448 creatures vanquished

Notes
Turn   | Place    | Note
-------+----------+-------------------------------------------
     0 | D:1      | tidbits the Gnoll Skald began the quest for the Orb.
     0 | D:1      | Reached XP level 1. HP: 20/20 MP: 6/6
    33 | D:1      | Reached XP level 2. HP: 11/26 MP: 0/7
    42 | D:1      | Learned a level 2 spell: Song of Slaying
    45 | D:1      | Learned a level 2 spell: Shroud of Golubria
   198 | D:2      | Found a basalt altar of Yredelemnul.
   209 | D:2      | Found a sparkling altar of Nemelex Xobeh.
   220 | D:1      | Reached XP level 3. HP: 8/31 MP: 0/9
   225 | D:1      | Learned a level 3 spell: Regeneration
   229 | D:1      | Learned a level 3 spell: Spectral Weapon
   235 | D:1      | Reached skill level 5 in Spellcasting
   453 | D:5      | Entered Level 5 of the Dungeon
   468 | D:5      | Reached skill level 1 in Short Blades
   468 | D:5      | Reached skill level 1 in Long Blades
   468 | D:5      | Reached skill level 1 in Maces & Flails
   468 | D:5      | Reached skill level 1 in Polearms
   468 | D:5      | Reached skill level 1 in Staves
   468 | D:5      | Reached skill level 1 in Slings
   468 | D:5      | Reached skill level 1 in Bows
   468 | D:5      | Reached skill level 1 in Crossbows
   468 | D:5      | Reached skill level 1 in Throwing
   468 | D:5      | Reached skill level 1 in Stealth
   468 | D:5      | Reached skill level 1 in Shields
   468 | D:5      | Reached skill level 1 in Unarmed Combat
   468 | D:5      | Reached skill level 1 in Invocations
   468 | D:5      | Reached skill level 1 in Evocations
   468 | D:5      | Reached XP level 4. HP: 32/38 MP: 6/11
   488 | D:4      | Noticed an ice beast
   499 | D:4      | Killed an ice beast
   499 | D:4      | Reached skill level 1 in Conjurations
   499 | D:4      | Reached skill level 1 in Hexes
   499 | D:4      | Reached skill level 1 in Summonings
   499 | D:4      | Reached skill level 1 in Necromancy
   499 | D:4      | Reached skill level 1 in Translocations
   499 | D:4      | Reached skill level 1 in Transmutations
   499 | D:4      | Reached skill level 1 in Fire Magic
   499 | D:4      | Reached skill level 1 in Ice Magic
   499 | D:4      | Reached skill level 1 in Air Magic
   499 | D:4      | Reached skill level 1 in Earth Magic
   499 | D:4      | Reached skill level 1 in Poison Magic
   499 | D:4      | Reached XP level 5. HP: 11/43 MP: 5/12
   506 | D:4      | Reached skill level 3 in Armour
   554 | D:4      | Noticed Agrougrou's ghost (amateur DsMo)
   556 | D:4      | Gained mutation: You are partially covered in iridescent scales. (AC +2) [potion of mutation]
   556 | D:4      | Gained mutation: Your skin changes colour to match your surroundings (Stealth+). [potion of mutation]
   570 | D:4      | Killed Agrougrou's ghost
   570 | D:4      | Reached skill level 5 in Fighting
   570 | D:4      | Reached skill level 2 in Short Blades
   570 | D:4      | Reached skill level 2 in Long Blades
   570 | D:4      | Reached skill level 5 in Axes
   570 | D:4      | Reached skill level 2 in Maces & Flails
   570 | D:4      | Reached skill level 2 in Polearms
   570 | D:4      | Reached skill level 2 in Staves
   570 | D:4      | Reached skill level 2 in Slings
   570 | D:4      | Reached skill level 2 in Bows
   570 | D:4      | Reached skill level 2 in Crossbows
   570 | D:4      | Reached skill level 2 in Throwing
   570 | D:4      | Reached skill level 5 in Dodging
   570 | D:4      | Reached skill level 2 in Stealth
   570 | D:4      | Reached skill level 2 in Shields
   570 | D:4      | Reached skill level 2 in Unarmed Combat
   570 | D:4      | Reached skill level 2 in Invocations
   570 | D:4      | Reached skill level 2 in Evocations
   570 | D:4      | Reached XP level 6. HP: 49/51 MP: 2/14
   576 | D:4      | Noticed Sigmund
   606 | D:4      | Killed Sigmund
   606 | D:4      | Reached XP level 7. HP: 56/56 MP: 7/15
   642 | D:4      | Reached skill level 2 in Conjurations
   642 | D:4      | Reached skill level 2 in Hexes
   642 | D:4      | Reached skill level 2 in Summonings
   642 | D:4      | Reached skill level 2 in Necromancy
   642 | D:4      | Reached skill level 2 in Translocations
   642 | D:4      | Reached skill level 2 in Transmutations
   642 | D:4      | Reached skill level 2 in Fire Magic
   642 | D:4      | Reached skill level 2 in Ice Magic
   642 | D:4      | Reached skill level 2 in Air Magic
   642 | D:4      | Reached skill level 2 in Earth Magic
   642 | D:4      | Reached skill level 2 in Poison Magic
   731 | D:4      | Lost mutation: Your skin changes colour to match your surroundings (Stealth+). [potion of mutation]
   731 | D:4      | Gained mutation: Your mind is acute. (Int +2) [potion of mutation]
   731 | D:4      | Gained mutation: You are partially covered in thin metallic scales. (AC +2) [potion of mutation]
   731 | D:4      | Gained mutation: Your muscles are strong. (Str +2) [potion of mutation]
   732 | D:4      | Noticed Edmund
   743 | D:4      | Killed Edmund
   743 | D:4      | Reached skill level 3 in Invocations
   797 | D:4      | Found a glowing drain.
   801 | Sewer    | Entered a sewer
   857 | Sewer    | Reached XP level 8. HP: 63/63 MP: 13/16
   877 | Sewer    | Found a glowing silver altar of Zin.
   950 | D:5      | Reached skill level 6 in Charms
   953 | D:5      | Reached skill level 4 in Armour
   956 | D:5      | Reached skill level 3 in Short Blades
   956 | D:5      | Reached skill level 3 in Long Blades
   956 | D:5      | Reached skill level 3 in Maces & Flails
   956 | D:5      | Reached skill level 3 in Polearms
   956 | D:5      | Reached skill level 3 in Staves
   956 | D:5      | Reached skill level 3 in Slings
   956 | D:5      | Reached skill level 3 in Bows
   956 | D:5      | Reached skill level 3 in Crossbows
   956 | D:5      | Reached skill level 3 in Throwing
   956 | D:5      | Reached skill level 3 in Stealth
   956 | D:5      | Reached skill level 3 in Shields
   956 | D:5      | Reached skill level 3 in Unarmed Combat
   956 | D:5      | Reached skill level 3 in Evocations
  1108 | D:5      | Reached skill level 6 in Spellcasting
  1170 | D:4      | Noticed Ijyb
  1174 | D:4      | Killed Ijyb
  1368 | D:6      | Reached skill level 3 in Conjurations
  1368 | D:6      | Reached skill level 3 in Hexes
  1368 | D:6      | Reached skill level 3 in Summonings
  1368 | D:6      | Reached skill level 3 in Necromancy
  1368 | D:6      | Reached skill level 3 in Translocations
  1368 | D:6      | Reached skill level 3 in Transmutations
  1368 | D:6      | Reached skill level 3 in Fire Magic
  1368 | D:6      | Reached skill level 3 in Ice Magic
  1368 | D:6      | Reached skill level 3 in Air Magic
  1368 | D:6      | Reached skill level 3 in Earth Magic
  1368 | D:6      | Reached skill level 3 in Poison Magic
  1368 | D:6      | Reached skill level 4 in Invocations
  1408 | D:7      | Reached XP level 9. HP: 54/69 MP: 13/18
  1418 | D:7      | Reached skill level 6 in Fighting
  1418 | D:7      | Reached skill level 6 in Axes
  1418 | D:7      | Reached skill level 6 in Dodging
  1507 | D:7      | Found a runed door.
  1512 | D:7      | Noticed Crazy Yiuf
  1519 | D:7      | Killed Crazy Yiuf
  1549 | D:8      | Noticed a two-headed ogre
  1621 | D:7      | Reached skill level 4 in Short Blades
  1621 | D:7      | Reached skill level 4 in Long Blades
  1621 | D:7      | Reached skill level 4 in Maces & Flails
  1621 | D:7      | Reached skill level 4 in Polearms
  1621 | D:7      | Reached skill level 4 in Staves
  1621 | D:7      | Reached skill level 4 in Slings
  1621 | D:7      | Reached skill level 4 in Bows
  1621 | D:7      | Reached skill level 4 in Crossbows
  1621 | D:7      | Reached skill level 4 in Throwing
  1621 | D:7      | Reached skill level 4 in Stealth
  1621 | D:7      | Reached skill level 4 in Shields
  1621 | D:7      | Reached skill level 4 in Unarmed Combat
  1621 | D:7      | Reached skill level 4 in Evocations
  1754 | D:7      | Reached skill level 5 in Armour
  1871 | D:6      | Found a staircase to the Ecumenical Temple.
  1880 | Temple   | Entered the Ecumenical Temple
  1887 | Temple   | Became a worshipper of Cheibriados the Contemplative
  2039 | D:8      | Reached skill level 5 in Invocations
  2163 | D:10     | Entered Level 10 of the Dungeon
  2195 | D:9      | Found a flagged portal.
  2212 | D:9      | Noticed Erica
  2219 | D:9      | Killed Erica
  2219 | D:9      | Reached skill level 7 in Spellcasting
  2219 | D:9      | Reached skill level 4 in Conjurations
  2219 | D:9      | Reached skill level 4 in Hexes
  2219 | D:9      | Reached skill level 4 in Summonings
  2219 | D:9      | Reached skill level 4 in Necromancy
  2219 | D:9      | Reached skill level 4 in Translocations
  2219 | D:9      | Reached skill level 4 in Transmutations
  2219 | D:9      | Reached skill level 4 in Fire Magic
  2219 | D:9      | Reached skill level 4 in Ice Magic
  2219 | D:9      | Reached skill level 4 in Air Magic
  2219 | D:9      | Reached skill level 4 in Earth Magic
  2219 | D:9      | Reached skill level 4 in Poison Magic
  2219 | D:9      | Reached XP level 10. HP: 64/77 MP: 15/20
  2225 | D:9      | Got a smoking spear
  2249 | Bailey   | Entered a bailey
  2291 | Bailey   | Reached * piety under Cheibriados
  2316 | Bailey   | Noticed an orc knight
  2316 | Bailey   | Noticed an orc knight
  2317 | Bailey   | Noticed an orc knight
  2320 | Bailey   | Reached skill level 5 in Short Blades
  2320 | Bailey   | Reached skill level 5 in Long Blades
  2320 | Bailey   | Reached skill level 5 in Maces & Flails
  2320 | Bailey   | Reached skill level 5 in Polearms
  2320 | Bailey   | Reached skill level 5 in Staves
  2320 | Bailey   | Reached skill level 5 in Slings
  2320 | Bailey   | Reached skill level 5 in Bows
  2320 | Bailey   | Reached skill level 5 in Crossbows
  2320 | Bailey   | Reached skill level 5 in Throwing
  2320 | Bailey   | Reached skill level 5 in Stealth
  2320 | Bailey   | Reached skill level 5 in Shields
  2320 | Bailey   | Reached skill level 5 in Unarmed Combat
  2320 | Bailey   | Reached skill level 5 in Evocations
  2323 | Bailey   | Killed an orc knight
  2323 | Bailey   | Reached skill level 7 in Charms
  2330 | Bailey   | Killed an orc knight
  2330 | Bailey   | Reached skill level 7 in Fighting
  2330 | Bailey   | Reached skill level 7 in Axes
  2330 | Bailey   | Reached skill level 7 in Dodging
  2335 | Bailey   | Killed an orc knight
  2335 | Bailey   | Reached skill level 6 in Armour
  2467 | D:9      | Reached skill level 6 in Invocations
  2551 | D:10     | Noticed Grum
  2567 | D:10     | Killed Grum
  2594 | D:11     | Reached XP level 11. HP: 19/84 MP: 13/22
  2614 | D:11     | Killed a two-headed ogre
  2618 | D:11     | Reached ** piety under Cheibriados
  2701 | D:11     | Noticed a cyclops
  2713 | D:11     | Noticed a two-headed ogre
  2717 | D:11     | Killed a two-headed ogre
  2717 | D:11     | Reached skill level 6 in Short Blades
  2717 | D:11     | Reached skill level 6 in Long Blades
  2717 | D:11     | Reached skill level 6 in Maces & Flails
  2717 | D:11     | Reached skill level 6 in Polearms
  2717 | D:11     | Reached skill level 6 in Staves
  2717 | D:11     | Reached skill level 6 in Slings
  2717 | D:11     | Reached skill level 6 in Bows
  2717 | D:11     | Reached skill level 6 in Crossbows
  2717 | D:11     | Reached skill level 6 in Throwing
  2717 | D:11     | Reached skill level 6 in Stealth
  2717 | D:11     | Reached skill level 6 in Shields
  2717 | D:11     | Reached skill level 6 in Unarmed Combat
  2717 | D:11     | Reached skill level 5 in Conjurations
  2717 | D:11     | Reached skill level 5 in Hexes
  2717 | D:11     | Reached skill level 5 in Summonings
  2717 | D:11     | Reached skill level 5 in Necromancy
  2717 | D:11     | Reached skill level 5 in Translocations
  2717 | D:11     | Reached skill level 5 in Transmutations
  2717 | D:11     | Reached skill level 5 in Fire Magic
  2717 | D:11     | Reached skill level 5 in Ice Magic
  2717 | D:11     | Reached skill level 5 in Air Magic
  2717 | D:11     | Reached skill level 5 in Earth Magic
  2717 | D:11     | Reached skill level 5 in Poison Magic
  2717 | D:11     | Reached skill level 6 in Evocations
  2748 | D:11     | Noticed an ogre mage
  2748 | D:11     | Reached skill level 8 in Spellcasting
  2750 | D:11     | Killed an ogre mage
  2751 | D:11     | Noticed a cyclops
  2771 | D:11     | Killed a cyclops
  2773 | D:11     | Noticed a cyclops
  2777 | D:11     | Killed a cyclops
  2777 | D:11     | Reached skill level 7 in Invocations
  2789 | D:11     | Identified the Papyrus of Freezing Sinister Arts
  2793 | D:11     | Learned a level 1 spell: Animate Skeleton
  2829 | D:11     | Noticed a manticore
  2829 | D:11     | Reached skill level 8 in Fighting
  2829 | D:11     | Reached skill level 8 in Axes
  2829 | D:11     | Reached skill level 7 in Armour
  2829 | D:11     | Reached skill level 8 in Dodging
  2838 | D:11     | Killed a manticore
  2854 | D:11     | Learned a level 3 spell: Ozocubu's Armour
  2859 | D:11     | Reached *** piety under Cheibriados
  2867 | D:11     | Noticed a cyclops
  2873 | D:11     | Killed a cyclops
  2885 | D:11     | Noticed a brown ugly thing
  2885 | D:11     | Noticed Sonja
  2891 | D:11     | Killed a brown ugly thing
  2895 | D:11     | Killed Sonja
  2895 | D:11     | Reached XP level 12. HP: 37/93 MP: 24/24
  2908 | D:11     | Learned a level 3 spell: Mephitic Cloud
  2913 | D:11     | Learned a level 4 spell: Olgreb's Toxic Radiance
  2954 | D:11     | Reached skill level 8 in Charms
  3062 | D:11     | Reached skill level 7 in Short Blades
  3062 | D:11     | Reached skill level 7 in Long Blades
  3062 | D:11     | Reached skill level 7 in Maces & Flails
  3062 | D:11     | Reached skill level 7 in Polearms
  3062 | D:11     | Reached skill level 7 in Staves
  3062 | D:11     | Reached skill level 7 in Slings
  3062 | D:11     | Reached skill level 7 in Bows
  3062 | D:11     | Reached skill level 7 in Crossbows
  3062 | D:11     | Reached skill level 7 in Throwing
  3062 | D:11     | Reached skill level 7 in Stealth
  3062 | D:11     | Reached skill level 7 in Shields
  3062 | D:11     | Reached skill level 7 in Unarmed Combat
  3062 | D:11     | Reached skill level 7 in Evocations
  3065 | D:11     | Reached **** piety under Cheibriados
  3156 | D:12     | Reached skill level 6 in Conjurations
  3156 | D:12     | Reached skill level 6 in Hexes
  3156 | D:12     | Reached skill level 6 in Summonings
  3156 | D:12     | Reached skill level 6 in Necromancy
  3156 | D:12     | Reached skill level 6 in Translocations
  3156 | D:12     | Reached skill level 6 in Transmutations
  3156 | D:12     | Reached skill level 6 in Fire Magic
  3156 | D:12     | Reached skill level 6 in Ice Magic
  3156 | D:12     | Reached skill level 6 in Air Magic
  3156 | D:12     | Reached skill level 6 in Earth Magic
  3156 | D:12     | Reached skill level 6 in Poison Magic
  3163 | D:12     | Reached ***** piety under Cheibriados
  3189 | D:12     | Learned a level 2 spell: Poisonous Vapours
  3195 | D:12     | Noticed SaintRoka's ghost (journeyman NaEE)
  3199 | D:12     | Reached skill level 8 in Invocations
  3211 | D:12     | Killed SaintRoka's ghost
  3211 | D:12     | Reached skill level 9 in Spellcasting
  3346 | D:12     | Found a staircase to the Orcish Mines.
  3355 | D:12     | Found a roughly hewn altar of Beogh.
  3377 | D:12     | Reached skill level 8 in Armour
  3381 | Orc:1    | Entered Level 1 of the Orcish Mines
  3399 | Orc:1    | Noticed a two-headed ogre
  3408 | Orc:1    | Killed a two-headed ogre
  3408 | Orc:1    | Reached skill level 9 in Fighting
  3408 | Orc:1    | Reached skill level 9 in Axes
  3408 | Orc:1    | Reached skill level 9 in Dodging
  3459 | Orc:2    | Entered Level 2 of the Orcish Mines
  3459 | Orc:2    | Found a staircase to the Elven Halls.
  3518 | Orc:1    | Found a bloodstained altar of Trog.
  3519 | Orc:1    | Noticed a two-headed ogre
  3525 | Orc:1    | Killed a two-headed ogre
  3525 | Orc:1    | Reached XP level 13. HP: 88/101 MP: 23/26
  3559 | Orc:1    | Reached ****** piety under Cheibriados
  3762 | Orc:2    | Learned a level 1 spell: Apportation
  3769 | Orc:2    | Learned a level 4 spell: Summon Lightning Spire
  3778 | Orc:2    | Found a roughly hewn altar of Beogh.
  3823 | Orc:2    | Paralysed by an orc sorcerer for 5 turns
  3833 | Orc:2    | Reached skill level 8 in Short Blades
  3833 | Orc:2    | Reached skill level 8 in Long Blades
  3833 | Orc:2    | Reached skill level 8 in Maces & Flails
  3833 | Orc:2    | Reached skill level 8 in Polearms
  3833 | Orc:2    | Reached skill level 8 in Staves
  3833 | Orc:2    | Reached skill level 8 in Slings
  3833 | Orc:2    | Reached skill level 8 in Bows
  3833 | Orc:2    | Reached skill level 8 in Crossbows
  3833 | Orc:2    | Reached skill level 8 in Throwing
  3833 | Orc:2    | Reached skill level 8 in Stealth
  3833 | Orc:2    | Reached skill level 8 in Shields
  3833 | Orc:2    | Reached skill level 8 in Unarmed Combat
  3833 | Orc:2    | Reached skill level 8 in Evocations
  3838 | Orc:2    | Found Cueckut's Magic Scroll Emporium.
  3845 | Orc:2    | Bought a scroll of amnesia for 45 gold pieces
  3845 | Orc:2    | Bought a scroll of remove curse for 39 gold pieces
  3845 | Orc:2    | Bought a scroll of amnesia for 45 gold pieces
  3845 | Orc:2    | Bought a scroll of remove curse for 39 gold pieces
  3845 | Orc:2    | Bought a scroll of identify for 26 gold pieces
  3845 | Orc:2    | Bought a scroll of teleportation for 39 gold pieces
  3845 | Orc:2    | Bought a scroll of enchant armour for 97 gold pieces
  3845 | Orc:2    | Bought a scroll of identify for 26 gold pieces
  3845 | Orc:2    | Bought a scroll of teleportation for 39 gold pieces
  3845 | Orc:2    | Bought a scroll of identify for 26 gold pieces
  3845 | Orc:2    | Bought a scroll of identify for 26 gold pieces
  3866 | Orc:2    | Found a radiant altar of Vehumet.
  3867 | Orc:2    | Noticed Erolcha
  3871 | Orc:2    | Killed Erolcha
  3903 | Orc:2    | Noticed Nergalle
  3910 | Orc:2    | Killed Nergalle
  3918 | Orc:2    | Found an ancient bone altar of Kikubaaqudgha.
  3932 | Orc:2    | Found Niothraso's Gadget Shoppe.
  3932 | Orc:2    | Found a roughly hewn altar of Beogh.
  3945 | Orc:2    | Found Fiubaicw's Antique Weapon Emporium.
  3947 | Orc:2    | Bought a wand of digging (16) for 520 gold pieces
  3952 | Orc:2    | Bought a wand of iceblast (10) for 182 gold pieces
  4016 | Orc:2    | Found Puicwe's Book Shoppe.
  4022 | Orc:2    | Reached skill level 9 in Invocations
  4043 | Orc:2    | Bought a book of Alchemy for 1050 gold pieces
  4043 | Orc:2    | Identified the +8 spear of Royalism {pierce, *Contam rElec Str+4 Dex+2} (You found it on level 9 of the Dungeon)
  4084 | Orc:2    | Gained mutation: Armour fits poorly on your strangely shaped body. [mutagenic glow]
  4086 | Orc:2    | Lost mutation: You are partially covered in iridescent scales. (AC +2) [potion of mutation]
  4086 | Orc:2    | Lost mutation: Your mind is acute. (Int +2) [potion of mutation]
  4086 | Orc:2    | Lost mutation: Armour fits poorly on your strangely shaped body. [potion of mutation]
  4086 | Orc:2    | Lost mutation: Your muscles are strong. (Str +2) [potion of mutation]
  4086 | Orc:2    | Gained mutation: You passively map a small area around you. [potion of mutation]
  4086 | Orc:2    | Gained mutation: You have a somewhat thin skeletal structure. (Dex +2, Stealth) [potion of mutation]
  4092 | Orc:2    | Found Imezuut's Assorted Antiques.
  4100 | Orc:2    | Bought a twisted silver amulet for 170 gold pieces
  4344 | D:13     | Noticed an ogre mage
  4349 | D:13     | Killed an ogre mage
  4349 | D:13     | Reached skill level 7 in Conjurations
  4349 | D:13     | Reached skill level 7 in Hexes
  4349 | D:13     | Reached skill level 9 in Charms
  4349 | D:13     | Reached skill level 7 in Summonings
  4349 | D:13     | Reached skill level 7 in Necromancy
  4349 | D:13     | Reached skill level 7 in Translocations
  4349 | D:13     | Reached skill level 7 in Transmutations
  4349 | D:13     | Reached skill level 7 in Fire Magic
  4349 | D:13     | Reached skill level 7 in Ice Magic
  4349 | D:13     | Reached skill level 7 in Air Magic
  4349 | D:13     | Reached skill level 7 in Earth Magic
  4349 | D:13     | Reached skill level 7 in Poison Magic
  4355 | D:13     | Reached skill level 9 in Armour
  4423 | D:13     | Noticed an ice dragon
  4432 | D:13     | HP: 7/102 [ice dragon (11)]
  4436 | D:13     | Reached skill level 10 in Spellcasting
  4436 | D:13     | Killed from afar by an ice dragon

Skill      XL: |  1  2  3  4  5  6  7  8  9 10 11 12 13 |
---------------+----------------------------------------+-----
Spellcasting   | 5 6 7 8 9 10 | 10.0
Short Blades   | 1 2 3 4 5 6 7 8 |  8.6
Long Blades    | 1 2 3 4 5 6 7 8 |  8.6
Maces & Flails | 1 2 3 4 5 6 7 8 |  8.6
Polearms       | 1 2 3 4 5 6 7 8 |  8.6
Staves         | 1 2 3 4 5 6 7 8 |  8.6
Slings         | 1 2 3 4 5 6 7 8 |  8.6
Bows           | 1 2 3 4 5 6 7 8 |  8.6
Crossbows      | 1 2 3 4 5 6 7 8 |  8.6
Throwing       | 1 2 3 4 5 6 7 8 |  8.6
Stealth        | 1 2 3 4 5 6 7 8 |  8.6
Shields        | 1 2 3 4 5 6 7 8 |  8.6
Unarmed Combat | 1 2 3 4 5 6 7 8 |  8.6
Invocations    | 1 2 3 4 5 6 7 8 9 |  9.4
Evocations     | 1 2 3 4 5 6 7 8 |  8.6
Conjurations   | 1 2 3 4 5 6 7 |  7.2
Hexes          | 1 2 3 4 5 6 7 |  7.2
Summonings     | 1 2 3 4 5 6 7 |  7.2
Necromancy     | 1 2 3 4 5 6 7 |  7.2
Translocations | 1 2 3 4 5 6 7 |  7.2
Transmutations | 1 2 3 4 5 6 7 |  7.2
Fire Magic     | 1 2 3 4 5 6 7 |  7.2
Ice Magic      | 1 2 3 4 5 6 7 |  7.2
Air Magic      | 1 2 3 4 5 6 7 |  7.2
Earth Magic    | 1 2 3 4 5 6 7 |  7.2
Poison Magic   | 1 2 3 4 5 6 7 |  7.2
Armour         | 3 4 5 6 7 8 9 |  9.0
Fighting       | 5 6 7 8 9 |  9.8
Axes           | 5 6 7 8 9 |  9.8
Dodging        | 5 6 7 8 9 |  9.8
Charms         | 6 7 8 9 |  9.1

Action                   |  1- 3 |  4- 6 |  7- 9 | 10-12 | 13-15 || total
-------------------------+-------+-------+-------+-------+-------++-------
Melee: Hand axe          |    66 |       |       |       |       ||    66
       Bite              |     7 |       |    23 |    48 |    23 ||   101
       War axe           |     5 |    22 |    58 |       |       ||    85
       Unarmed           |       |     2 |       |       |       ||     2
       Broad axe         |       |       |   168 |   252 |   105 ||   525
       Punch             |       |       |     3 |     9 |    14 ||    26
       Flail             |       |       |       |       |     6 ||     6
Throw: Javelin           |       |       |     1 |     2 |     5 ||     8
       Tomahawk          |       |       |       |       |     6 ||     6
 Cast: Infusion          |     7 |       |       |       |       ||     7
       Spectral Weapon   |     1 |     3 |    32 |    34 |    15 ||    85
       Shroud of Golubri |     1 |     3 |    10 |     4 |     1 ||    19
       Regeneration      |       |     1 |     9 |    15 |     4 ||    29
       Animate Skeleton  |       |       |       |     4 |     1 ||     5
       Olgreb's Toxic Ra |       |       |       |     8 |     4 ||    12
       Apportation       |       |       |       |       |    11 ||    11
       Song of Slaying   |       |       |       |       |     2 ||     2
       Summon Lightning  |       |       |       |       |     1 ||     1
Invok: Slouch            |       |       |       |       |     4 ||     4
Evoke: Wand              |       |     2 |     3 |    39 |    10 ||    54
  Use: Scroll            |     1 |       |     7 |     7 |     6 ||    21
       Potion            |       |     6 |     1 |     5 |     3 ||    15
 Stab: Sleeping          |     1 |       |     2 |     1 |     5 ||     9
       Distracted        |       |       |     3 |     6 |     4 ||    13
       Paralysed         |       |       |       |    13 |     2 ||    15
  Eat: Ration            |     1 |       |       |       |     1 ||     2
       Chunk             |       |       |     3 |     4 |     2 ||     9
Armor: Leather armour    |    14 |     3 |    55 |       |       ||    72
       Skin              |       |     6 |       |       |       ||     6
       Ring mail         |       |       |       |    33 |       ||    33
       Troll leather arm |       |       |       |    40 |    25 ||    65
Dodge: Dodged            |    39 |     3 |   202 |   319 |   133 ||   696

Table legend:
 A = Turns spent in this place as a percentage of turns spent in the entire game.
 B = Non-inter-level travel turns spent in this place as a percentage of non-inter-level travel turns spent in the entire game.
 C = Inter-level travel turns spent in this place as a percentage of turns spent in this place.
 D = Turns resting spent in this place as a percentage of non-inter-level travel turns spent in this place.
 E = Turns spent auto-exploring this place as a percentage of non-inter-level travel turns spent in this place.
 F = Non-inter-level travel turns spent in this place divided by the number of levels of this place that you've seen.
                   A       B       C       D       E      F
               +-------+-------+-------+-------+-------+----------------------
         Total | 100.0 | 100.0 |   0.7 |   0.0 |   0.0 | 231.8
       Dungeon |  73.1 |  72.9 |   1.0 |   0.0 |   0.0 | 229.4
        Temple |   0.3 |   0.3 |   0.0 |   0.0 |   0.0 |  15.0
  Orcish Mines |  19.5 |  19.7 |   0.0 |   0.0 |   0.0 | 433.5
         Sewer |   2.5 |   2.5 |   0.0 |   0.0 |   0.0 | 112.0
        Bailey |   4.5 |   4.5 |   0.0 |   0.0 |   0.0 | 198.0
               +-------+-------+-------+-------+-------+----------------------

Table legend:
 A = Kills in this place as a percentage of kills in entire the game.
 B = Kills by you in this place as a percentage of kills by you in the entire game.
 C = Kills by friends in this place as a percentage of kills by friends in the entire game.
 D = Other kills in this place as a percentage of other kills in the entire game.
 E = Experience gained in this place as a percentage of experience gained in the entire game.
 F = Experience gained in this place divided by the number of levels of this place that you have seen.
                   A       B       C       D       E      F
               +-------+-------+-------+-------+-------+----------------------
         Total | 100.0 | 100.0 | 100.0 | 100.0 | 100.0 | 2828.2
       Dungeon |  69.9 |  69.9 | 100.0 |   0.0 |  67.5 | 2588.9
  Orcish Mines |  24.8 |  25.4 |   0.0 |   0.0 |  28.0 | 7530.0
         Sewer |   2.1 |   2.1 |   0.0 |   0.0 |   0.2 | 106.0
        Bailey |   3.2 |   2.6 |   0.0 | 100.0 |   4.3 | 2325.0
               +-------+-------+-------+-------+-------+----------------------

Vault maps used:
D:1:      dpeg_arrival_three_smaller_balls, minmay_close_crescents
D:2:      overflow_temple_1_default, minmay_overflow_temple_star_quad,
          nemelex_xobeh_ov_fountains_minmay,
          chequers_ecumenical_altar_simple_redux, first_ration,
          lemuel_tele_altar
D:4:      gup_sewer_entry_bowl, uniq_sigmund, uniq_edmund, uniq_ijyb
D:5:      lemuel_old_faithful
D:6:      minmay_temple_entry_large_hall, minivault_24
D:7:      uniq_crazy_yiuf_cottage
D:9:      enter_bailey_2, uniq_erica
D:10:     grunt_lair_entry_orc_guard_hut, hangedman_little_slice_of_home,
          uniq_grum
D:11:     minmay_the_grid_square_5x5_4x4, grunt_gozag_breadcrumbs, uniq_sonja
D:12:     minmay_orc_entry_temple_small, special_room, evilmike_surprise_oklob
D:13:     evilmike_horseshoe, serial_ice, serial_ice_k, serial_ice_d,
          serial_ice_n, serial_ice_c, portal_ice_cave_rime
D:14:     grunt_vaults_entry_tiered, fedhas_altar_1, nrook_mini_vaults
Temple:   minmay_crystal_spiral_temple
Orc:1:    basic_altar
Orc:2:    kennysheep_orc_mage_school, serial_shops, nicolae_shop_crystal,
          basic_altar, library_closet
Sewer:    sewer_kobolds
Bailey:   bailey_polearm_1, bailey
